 Dungeon Crawl Stone Soup version 0.23-a0-451-g1044d4cbad (webtiles) character file.

280 LostNumber the Chopper (level 6, -25/56 HPs)
             Began as a Hill Orc Berserker on Nov 23, 2018.
             Was a Believer of Trog.
             Annihilated by an ogre
             ... wielding a +0 giant club
              (30 damage)
             ... on level 2 of the Dungeon.
             The game lasted 00:02:46 (1519 turns).

LostNumber the Chopper (Hill Orc Berserker)         Turns: 1519, Time: 00:02:47

Health: -25/56     AC:  3    Str: 21    XL:     6   Next: 27%
Magic:  6/6        EV: 11    Int:  7    God:    Trog [**....]
Gold:   76         SH:  0    Dex: 11    Spells: 5/5 levels left

rFire    . . .     SeeInvis .   a - +0 hand axe
rCold    . . .     Gourm    .   (no shield)
rNeg     . . .     Faith    .   d - +0 leather armour (curse)
rPois    .         Spirit   .   (no helmet)
rElec    .         Reflect  .   (no cloak)
rCorr    .         Harm     .   (no gloves)
MR       .....                  (no boots)
Stlth    +.........             (no amulet)
HPRegen  0.18/turn              (no ring)
MPRegen  0.10/turn              (no ring)

@: berserk cooldown, slowed, very slow
A: no striking features
a: Berserk, Trog's Hand, Renounce Religion


You were on level 2 of the Dungeon.
You worshipped Trog.
Trog was pleased with you.
You were not hungry.

You visited 1 branch of the dungeon, and saw 3 of its levels.

You collected 76 gold pieces.

Inventory:

Hand Weapons
 a - a +0 hand axe (weapon)
Armour
 b - a +0 animal skin
 d - a cursed +0 leather armour (worn)
 f - a +0 chain mail
Jewellery
 e - a cursed -2 ring of strength {unknown}
Scrolls
 h - a scroll of remove curse {unknown}
 j - a scroll of teleportation {unknown}
Potions
 g - a potion of flight
 i - a potion of brilliance {unknown}
Comestibles
 c - 4 rations
 k - 3 chunks of flesh


   Skills:
 + Level 5.5 Fighting
 * Level 7.7 Axes
 - Level 2.1 Armour
 - Level 1.5 Dodging


You had 5 spell levels left.
You didn't know any spells.
Your spell library was empty.

Dungeon Overview and Level Annotations

Branches:
Dungeon (3/15)

Altars:


Message History

The orc barely misses you. The ogre barely misses you.
The orc hits you with a +0 flail.
You climb upwards.
There is a stone staircase leading down, spattered with blood here.
Things that are here:
a +0 club; a +0 dagger; an orc skeleton Unknown command.
The ogre closely misses you. The ogre hits you with a +0 giant club!
The orc hits you with a +0 flail!
* * * LOW HITPOINT WARNING * * *
You see here a +0 short sword.
The ogre closely misses you. The orc hits you with a +0 flail.
* * * LOW HITPOINT WARNING * * *
You see here 18 poisoned needles.
The orc barely misses you.
The ogre hits you with a +0 giant club!!
Ouch! That really hurt!
You die...

## #.........>###......# #.# #
#..........# ######.###.# ##
#..........# #..##.# .####
#..........# #.(##.#
....###..........# #(...)#
###..........).)## #.##..#
#######..........# #.##..#
...............Oo# ##.##..#
#######.........@#######..##..#
#..................###..##
#.........<######..# #...#
##........## #..###.#.##
##......## #..##...... ########
####<...... #........ #........
#........


You could see an ogre and an orc.

Vanquished Creatures
  Sigmund (D:2)
  An orc priest (D:3)
  Robin (D:2)
  An ooze (D:2)
  6 leopard geckos
  6 orcs
  A giant cockroach (D:1)
  15 goblins
  8 hobgoblins
  4 bats
  2 frilled lizards
  4 kobolds
  3 rats
53 creatures vanquished.

Notes
Turn   | Place    | Note
-------+----------+-------------------------------------------
     0 | D:1      | LostNumber the Hill Orc Berserker began the quest for the
                  | Orb.
     0 | D:1      | Reached XP level 1. HP: 19/19 MP: 1/1
   150 | D:1      | Reached XP level 2. HP: 23/27 MP: 2/2
   600 | D:2      | Noticed Sigmund
   600 | D:2      | Noticed Robin
   603 | D:2      | Reached skill level 5 in Axes
   605 | D:2      | Reached XP level 3. HP: 10/33 MP: 3/3
   608 | D:2      | Killed Sigmund
   608 | D:2      | Reached skill level 5 in Fighting
   608 | D:2      | Reached skill level 7 in Axes
   608 | D:2      | Reached XP level 4. HP: 5/42 MP: 4/4
   608 | D:2      | Reached XP level 5. HP: 6/48 MP: 5/5
   615 | D:2      | Killed Robin
   618 | D:2      | Reached ** piety under Trog
   949 | D:2      | Reached XP level 6. HP: 51/56 MP: 6/6
  1519 | D:2      | Annihilated by an ogre

Vault maps used:
D:1:      lightli_iron_boxes
D:2:      first_ration, kennysheep_pointless_box, uniq_sigmund, uniq_robin
D:3:      nicolae_overflow_crystal_walls

Skill      XL: |  1  2  3 |
---------------+----------+-----
Fighting       | 4 5 |  5.5
Axes           | 5 7 |  7.7
Armour         | |  2.1
Dodging        | |  1.5

Action                   |  1- 3 |  4- 6 || total
-------------------------+-------+-------++-------
Melee: Hand axe          |    56 |    77 ||   133
Invok: Berserk           |     1 |     1 ||     2
  Use: Scroll            |     1 |       ||     1
  Eat: Chunk             |       |     4 ||     4
Armor: Leather armour    |    14 |    11 ||    25
Dodge: Dodged            |    34 |    51 ||    85

Table legend:
 A = Non-vault XP
 B = Vault XP
 C = Vault XP percentage of total XP
 D = Non-vault monster count
 E = Vault monster count
 F = Vault count percentage of total count
                 A         B        C        D         E       F
            +---------+---------+-------+---------+---------+-------
      Total |     122 |     278 |  69.5 |      40 |      13 |  24.5
            +---------+---------+-------+---------+---------+-------
        D:1 |      23 |       0 |   0.0 |      14 |       0 |   0.0
        D:2 |      43 |     278 |  86.6 |      19 |      13 |  40.6
        D:3 |      56 |       0 |   0.0 |       7 |       0 |   0.0
            +---------+---------+-------+---------+---------+-------
